 Dungeon Crawl Stone Soup version 0.31-a0-217-g58bb5d79cf (webtiles) character file.

Game seed: 13764685228145995130

15626 qw the Cleaver (level 12, -3/80 HPs)
             Began as a Gargoyle Fighter on July 2, 2023.
             Was an Elder of Okawaru.
             Slain by Sonja
             ... wielding a +4 dagger of distortion
              (25 damage)
             ... on level 1 of the Lair of Beasts.
             The game lasted 00:05:50 (10368 turns).

qw the Cleaver (Gargoyle Fighter)                  Turns: 10368, Time: 00:05:51

Health: -3/80      AC: 34    Str: 25    XL:     12   Next: 29%
Magic:  16/19      EV:  8    Int:  9    God:    Okawaru [****..]
Gold:   161        SH: 12    Dex:  9    Spells: 11/11 levels left

rFire   + + .        Y - +2 war axe (vamp)
rCold   + . .        p - +0 kite shield
rNeg    + . .        a - +0 plate armour
rPois   inf          (helmet restricted)
rElec   +            s - scarf {rC+ rF+}
rCorr   .            x - +2 pair of gloves {hurl}
SInv    .            m - +0 pair of boots
Will    .....        e - amulet of the acrobat Stlth
                     k - +4 ring of protection
HPRegen 0.33/turn    y - ring of protection from fire
MPRegen 0.16/turn

%: acrobat
@: heroic, finesse-ful
A: sickness immunity, AC +8, negative energy resistance 1, electricity
resistance, torment resistance 1, petrification resistance, horns 1, robust 1,
shaggy fur 1
a: Renounce Religion, Heroism, Finesse


You were on level 1 of the Lair of Beasts.
You worshipped Okawaru.
Okawaru was greatly pleased with you.
You visited 3 branches of the dungeon, and saw 12 of its levels.
You also visited: Sewer.

You collected 742 gold pieces.
You spent 581 gold pieces at shops.


Innate Abilities, Weirdness & Mutations

You are immune to sickness and miasma.
Your stone body is resilient. (AC +8)
You are immune to poison.
You resist negative energy. (rN+)
You are resistant to electric shocks. (rElec)
You are resistant to unholy torment.
You are immune to petrification.
You have a pair of small horns on your head.
You are robust. (+10% HP)
You are covered in fur. (AC +1)


   Skills:
 - Level 8.1(13.1) Fighting
 - Level 11.0(16.0) Axes
 - Level 3.6(8.6) Throwing
 - Level 7.4(12.4) Armour
 - Level 1.1(6.1) Dodging
 + Level 9.7(14.7) Shields
 - Level 10.0 Invocations


You had 11 spell levels left.
You didn't know any spells.
Your spell library was empty.

Inventory:

Hand Weapons
 q - a +1 hand axe of flaming
 w - a +0 war axe
 Y - a +2 vampiric war axe (weapon)
Missiles
 t - 4 boomerangs (quivered)
Armour
 a - a +0 plate armour (worn)
 m - a +0 pair of boots (worn)
 p - a +0 kite shield (worn)
 s - a scarf of resistance (worn)
 x - a +2 pair of gloves of hurling (worn)
 z - a +0 cloak
Jewellery
 e - an amulet of the acrobat (around neck)
 k - a +4 ring of protection (left hand)
 y - a ring of protection from fire (right hand)
 A - an amulet of guardian spirit
Wands
 c - a wand of digging (7)
Scrolls
 h - 9 scrolls of identify
 l - a scroll of teleportation
Potions
 b - 2 potions of attraction
 d - 3 potions of might
 f - 6 potions of haste
 g - a potion of resistance
 i - a potion of heal wounds
 j - 3 potions of mutation
 o - 5 potions of curing
 r - a potion of magic
 u - 2 potions of enlightenment
 v - a potion of brilliance {unknown}

Dungeon Overview and Level Annotations

Branches:
Dungeon (10/15)            Temple (1/1) D:4            Lair (1/5) D:10
    Orc (0/2) D:9           Sewer (visited)

Altars:
Ashenzari
Cheibriados
Dithmenos
Elyvilon
Fedhas
Gozag
Hepliaklqana
Kikubaaqudgha
Makhleb
Nemelex Xobeh
Okawaru
Qazlal
Ru
Sif Muna
Trog
Uskayaw
Vehumet
Wu Jian
Xom
Yredelemnul
Zin
The Shining One

Shops:
D:3 [   D:9 *[

Annotations:
D:8 1 runed translucent door, qw's ghost, novice MiHs
Lair:1 Sonja


Message History

You start resting.
Sonja is nearby!
A yak comes into view.
The yak bellows!
You hear a bellow!
A yak comes into view.
You hear an angry hiss.
You see here a yak corpse.
You slash Sonja!
You feel better.
Sonja is heavily wounded.
Sonja hits you but does no damage. Space warps around you.
You block Sonja's attack. x2
You completely miss Sonja.
Sonja is heavily wounded.
You barely miss Sonja. Your headbutt misses Sonja.
Sonja is heavily wounded.
Sonja closely misses you. You block Sonja's attack. Sonja misses you.
You miss Sonja.
Sonja is heavily wounded.
You miss Sonja.
Sonja is heavily wounded.
Sonja hits you but does no damage. Space warps horribly around you!
You block Sonja's attack. x2
You completely miss Sonja.
Sonja is heavily wounded.
Sonja hits you but does no damage. Space warps around you.
You block Sonja's attack. Sonja barely misses you.
You closely miss Sonja. Your headbutt misses Sonja.
Sonja is heavily wounded.
You closely miss Sonja. Your headbutt misses Sonja.
Sonja is heavily wounded.
You block Sonja's attack.
Sonja hits you with a +4 dagger of distortion.
Space warps horribly around you!! Sonja closely misses you.
You hit Sonja.
You feel better.
Your headbutt misses Sonja.
Sonja is heavily wounded.
You completely miss Sonja.
Sonja is heavily wounded.
You block Sonja's attack. Sonja hits you but does no damage. x2
Space warps horribly around you!!
You die...

......#.#####..# ...
......#.#.#.#..# ...
......#........# ...
......#........# ...
......#........## ### ...
......#.........####.#######
###
#..P..#.%...................
...
............................
#..
...............K@...........
#..
......+#P.##..Y##..#####....
#.. ...........#...##### ...
#.. ####.......#....# .. #..
#.......Y.Y.## . #..
#.#.....#(..# ..
#.......#..Y .. #.#...... .


You could see 2 yaks and Sonja.

Vanquished Creatures
  Josephine (D:10)
  2 two-headed ogres
  Amaemon (Lair:1)
  A skeletal warrior (D:7)
  An ugly thing (D:10)
  A cyclops (D:7)
  Joseph (D:9)
  A cane toad (Lair:1)
  Maggie (D:6)
  An orange demon (Lair:1)
  A kobold demonologist (D:7)
  3 komodo dragons (Lair:1)
  2 trolls (D:10)
  3 blink frogs (Lair:1)
  3 wraiths (D:10)
  18 yaks
  A steam dragon (D:7)
  2 wargs (D:9)
  5 water moccasins
  An ice beast (D:7)
  A sky beast (D:8)
  3 boggarts (D:10)
  A wolf (D:10)
  7 centaurs
  4 ogres
  A phantom (D:5)
  2 kobold brigands (D:8)
  3 scorpions
  6 bullfrogs
  A gnoll sergeant (D:9)
  19 wights
  3 killer bees (D:8)
  6 howler monkeys
  3 electric eels
  8 hounds
  5 orc priests
  2 gnoll boudas (D:7)
  Ijyb (D:3)
  Natasha (D:3)
  2 iguanas
  5 orc wizards
  13 gnolls
  14 adders
  6 river rats (Sewer)
  A white imp (D:5)
  2 dart slugs
  29 orcs
  18 ball pythons
  5 endoplasms
  6 giant cockroaches
  10 goblins
  10 hobgoblins
  2 jackals (D:4)
  2 quokkas
  7 frilled lizards
  9 kobolds
  27 rats
295 creatures vanquished.

Vanquished Creatures (others)
  A boggart (D:10)
1 creature vanquished.

Grand Total: 296 creatures vanquished

Notes
Turn   | Place    | Note
-------+----------+-------------------------------------------
     0 | D:1      | qw the Gargoyle Fighter began the quest for the Orb.
     0 | D:1      | Reached XP level 1. HP: 14/14 MP: 1/1
     0 | D:1      | 0 ||| qw: Version: 0.3-a-40-ge99b1a8
     0 | D:1      | 0 ||| qw: Game counter: 250
     0 | D:1      | 0 ||| qw: Melee chars always use a shield: true
     0 | D:1      | 0 ||| qw: God list: Okawaru
     0 | D:1      | 0 ||| qw: Allow faded altars: false
     0 | D:1      | 0 ||| qw: Do Orc after clearing Dungeon:15 true
     0 | D:1      | 0 ||| qw: Do second Lair branch before Depths: true
     0 | D:1      | 0 ||| qw: Lair rune preference: random
     0 | D:1      | 0 ||| qw: Goals: Normal, Zot:1-4, Slime:5, God:TSO, Crypt,
                  | Tomb, Abyss, Pan, Hells, Win
     0 | D:1      | 0 ||| PLANNING D:1-11
    64 | D:1      | Reached skill level 2 in Axes
    97 | D:1      | Reached XP level 2. HP: 19/19 MP: 2/2
   146 | D:1      | 146 ||| Stepping ~*~*~tactically~*~*~ (stealth).
   147 | D:1      | 147 ||| Stepping ~*~*~tactically~*~*~ (stealth).
   277 | D:1      | 277 ||| Stepping ~*~*~tactically~*~*~ (stealth).
   279 | D:1      | 279 ||| Stepping ~*~*~tactically~*~*~ (stealth).
   280 | D:1      | 280 ||| Stepping ~*~*~tactically~*~*~ (stealth).
   304 | D:1      | Reached skill level 3 in Axes
   347 | D:1      | Reached XP level 3. HP: 23/23 MP: 3/3
   424 | D:1      | You fall into a shaft and drop 1 floor!
   464 | D:2      | 464 ||| UPGRADING to +4 ring of protection.
   465 | D:2      | 465 ||| READING scroll labelled VOIRPH IRODGHE.
   466 | D:2      | 466 ||| READING scroll labelled PUGUME BOEVVE.
   467 | D:2      | 467 ||| READING 4 scrolls labelled TUFFUO NEUMOA.
   468 | D:2      | 468 ||| READING 3 scrolls of identify.
   468 | D:2      | 468 ||| IDENTIFYING fuming brown potion
   469 | D:2      | 469 ||| DROPPING potion of invisibility.
   727 | D:1      | 727 ||| UPGRADING to +0 plate armour.
   737 | D:1      | 737 ||| DROPPING +0 scale mail.
   849 | D:2      | Found an opulent altar of Gozag.
   851 | D:2      | 851 ||| Stepping ~*~*~tactically~*~*~ (hiding).
  1004 | D:2      | 1004 ||| Stepping ~*~*~tactically~*~*~ (stealth).
  1259 | D:2      | Reached XP level 4. HP: 28/28 MP: 4/4
  1266 | D:2      | 1266 ||| Stepping ~*~*~tactically~*~*~ (stealth).
  1633 | D:2      | 1633 ||| READING scroll labelled YDAORCH AXIFOU.
  1634 | D:2      | 1634 ||| READING scroll labelled ZOIRUIMPAY.
  1635 | D:2      | 1635 ||| READING 5 scrolls of identify.
  1635 | D:2      | 1635 ||| IDENTIFYING smoky ruby potion
  1641 | D:3      | 1641 ||| PLANNING SEWER
  1686 | D:3      | 1686 ||| DROPPING +0 club.
  1698 | D:3      | Noticed Ijyb
  1736 | D:3      | Killed Ijyb
  1737 | D:3      | Reached skill level 4 in Axes
  1872 | D:3      | 1872 ||| FLEEEEING.
  1959 | D:3      | Found a glowing drain.
  1979 | Sewer    | Entered a sewer
  1992 | Sewer    | 1992 ||| Stepping ~*~*~tactically~*~*~ (water).
  2001 | Sewer    | 2001 ||| Stepping ~*~*~tactically~*~*~ (water).
  2013 | Sewer    | Reached XP level 5. HP: 32/32 MP: 5/5
  2017 | Sewer    | 2017 ||| Stepping ~*~*~tactically~*~*~ (water).
  2104 | Sewer    | Reached skill level 5 in Axes
  2187 | Sewer    | 2187 ||| Stepping ~*~*~tactically~*~*~ (stealth).
  2245 | Sewer    | Reached XP level 6. HP: 19/38 MP: 6/6
  2350 | Sewer    | 2350 ||| READING scroll labelled CELINW JOCOPLE.
  2451 | Sewer    | 2451 ||| READING scroll labelled ROGOSE NAO.
  2456 | Sewer    | 2456 ||| DRINKING 4 golden potions.
  2457 | Sewer    | 2457 ||| DRINKING 2 yellow potions.
  2458 | Sewer    | 2458 ||| DRINKING 2 glowing red potions.
  2459 | Sewer    | 2459 ||| DRINKING 2 bubbling yellow potions.
  2459 | Sewer    | Gained mutation: You have a pair of small horns on your
                  | head. [potion of mutation]
  2459 | Sewer    | Gained mutation: You are covered in fur. (AC +1) [potion of
                  | mutation]
  2459 | Sewer    | Gained mutation: You are robust. (+10% HP) [potion of
                  | mutation]
  2475 | Sewer    | 2475 ||| READING 5 scrolls of identify.
  2475 | Sewer    | 2475 ||| IDENTIFYING bubbling cyan potion
  2476 | Sewer    | 2476 ||| DROPPING potion of degeneration.
  2482 | D:3      | 2482 ||| PLANNING D:1-11
  2568 | D:3      | Reached skill level 6 in Axes
  2815 | D:3      | Found a burning altar of Makhleb.
  2875 | D:3      | Found Puufrag's Armour Boutique.
  2879 | D:3      | 2879 ||| BUYING +0 pair of boots (54 gold).
  2879 | D:3      | Bought a +0 pair of boots for 54 gold pieces
  2879 | D:3      | 2879 ||| BUYING +0 pair of gloves (54 gold).
  2879 | D:3      | Bought a +0 pair of gloves for 54 gold pieces
  2879 | D:3      | 2879 ||| SHOPLISTING +1 pair of boots of flying (198 gold,
                  | have 48).
  2892 | D:3      | Found an opulent altar of Gozag.
  2931 | D:3      | Found a glowing silver altar of Zin.
  2932 | D:3      | Found a blossoming altar of Fedhas.
  2933 | D:3      | Found a hazy altar of Hepliaklqana.
  2934 | D:3      | Found a radiant altar of Vehumet.
  2967 | D:3      | Noticed Natasha
  2978 | D:3      | Killed Natasha
  3134 | D:3      | 3134 ||| UPGRADING to +0 pair of boots.
  3139 | D:3      | 3139 ||| UPGRADING to +0 pair of gloves.
  3144 | D:3      | 3144 ||| READING scroll labelled FEWEON TOETE.
  3145 | D:3      | 3145 ||| READING 4 scrolls of identify.
  3145 | D:3      | 3145 ||| IDENTIFYING metallic red potion
  3174 | D:4      | 3174 ||| STAIRDANCE
  3179 | D:3      | Reached XP level 7. HP: 23/47 MP: 7/7
  3355 | D:4      | Found a staircase to the Ecumenical Temple.
  3356 | D:4      | 3356 ||| PLANNING TEMPLE
  3360 | Temple   | Entered the Ecumenical Temple
  3373 | Temple   | 3373 ||| PLANNING D:1-11
  3441 | D:4      | Found a bloodstained altar of Trog.
  3513 | D:4      | 3513 ||| Stepping ~*~*~tactically~*~*~ (stealth).
  3567 | D:4      | 3567 ||| FLEEEEING.
  3572 | D:4      | 3572 ||| FLEEEEING.
  3579 | D:4      | 3579 ||| STAIRDANCE
  3696 | D:4      | Found an iron altar of Okawaru.
  3697 | D:4      | 3697 ||| PLANNING OKAWARU WORSHIP
  3703 | D:4      | Became a worshipper of Warmaster Okawaru
  3704 | D:4      | 3704 ||| PLANNING D:1-11
  3737 | D:4      | Reached skill level 7 in Axes
  3800 | D:4      | 3800 ||| READING scroll labelled LOIRPH TECI.
  3842 | D:5      | Entered Level 5 of the Dungeon
  3844 | D:5      | 3844 ||| FLEEEEING.
  3845 | D:5      | 3845 ||| STAIRDANCE
  4030 | D:5      | Reached XP level 8. HP: 53/53 MP: 8/8
  4031 | D:5      | Reached skill level 1 in Dodging
  4032 | D:5      | Reached * piety under Okawaru
  4058 | D:5      | 4058 ||| DROPPING +0 mace.
  4086 | D:5      | Reached skill level 1 in Invocations
  4324 | D:5      | 4324 ||| READING scroll labelled MEBLIB JOCLADEQESK.
  4325 | D:5      | 4325 ||| READING 5 scrolls of identify.
  4325 | D:5      | 4325 ||| IDENTIFYING clear potion
  4326 | D:5      | 4326 ||| READING 4 scrolls of identify.
  4326 | D:5      | 4326 ||| IDENTIFYING murky dark potion
  4327 | D:5      | 4327 ||| DROPPING potion of ambrosia.
  4345 | D:6      | 4345 ||| INVOKING Heroism.
  4354 | D:6      | Reached skill level 3 in Invocations
  4362 | D:6      | Reached skill level 8 in Axes
  4395 | D:6      | 4395 ||| INVOKING Heroism.
  4530 | D:6      | Found a sparkling altar of Nemelex Xobeh.
  4586 | D:6      | Reached ** piety under Okawaru
  4587 | D:6      | Reached XP level 9. HP: 55/59 MP: 12/12
  4600 | D:6      | 4600 ||| DROPPING +0 flail.
  4623 | D:6      | Reached skill level 6 in Fighting
  4687 | D:6      | Found an ornate altar of the Wu Jian Council.
  4687 | D:6      | Found a shimmering altar of Xom.
  4693 | D:6      | Noticed Maggie
  4694 | D:6      | 4694 ||| UPGRADING to amulet of the acrobat.
  4699 | D:6      | 4699 ||| READING scroll labelled GIHOG OLYU.
  4710 | D:6      | Killed Maggie
  4918 | D:6      | Found a sacrificial altar of Ru.
  4943 | D:6      | 4943 ||| READING scroll labelled SAENEK OHAPRI.
  4944 | D:6      | 4944 ||| READING scroll labelled RANYAG TYOS.
  4974 | D:7      | 4974 ||| Stepping ~*~*~tactically~*~*~ (hiding).
  4985 | D:7      | Reached skill level 1 in Throwing
  4986 | D:7      | Reached skill level 9 in Axes
  5057 | D:7      | 5057 ||| Stepping ~*~*~tactically~*~*~ (stealth).
  5090 | D:7      | 5090 ||| Stepping ~*~*~tactically~*~*~ (stealth).
  5109 | D:7      | 5109 ||| Stepping ~*~*~tactically~*~*~ (stealth).
  5122 | D:7      | 5122 ||| Stepping ~*~*~tactically~*~*~ (hiding).
  5273 | D:7      | 5273 ||| Stepping ~*~*~tactically~*~*~ (hiding).
  5274 | D:7      | 5274 ||| INVOKING Heroism.
  5355 | D:7      | Reached skill level 6 in Armour
  5459 | D:7      | 5459 ||| Stepping ~*~*~tactically~*~*~ (stealth).
  5468 | D:7      | 5468 ||| DROPPING +0 morningstar.
  5524 | D:7      | Found a glowing golden altar of the Shining One.
  5525 | D:7      | 5525 ||| READING scroll labelled VOEROG CACW.
  5544 | D:7      | 5544 ||| INVOKING Heroism.
  5617 | D:7      | 5617 ||| Stepping ~*~*~tactically~*~*~ (cloud).
  5623 | D:7      | 5623 ||| INVOKING Heroism.
  5625 | D:7      | 5625 ||| Stepping ~*~*~tactically~*~*~ (cloud).
  5985 | D:7      | Noticed a cyclops
  5986 | D:7      | 5986 ||| Stepping ~*~*~tactically~*~*~ (hiding).
  5993 | D:7      | 5993 ||| INVOKING Heroism.
  5996 | D:7      | Killed a cyclops
  5996 | D:7      | Reached *** piety under Okawaru
  5997 | D:7      | Reached skill level 3 in Throwing
  5997 | D:7      | Reached XP level 10. HP: 44/69 MP: 10/13
  6154 | D:7      | Noticed a skeletal warrior
  6155 | D:7      | 6155 ||| INVOKING Heroism.
  6173 | D:7      | Killed a skeletal warrior
  6252 | D:7      | Noticed a kobold demonologist
  6253 | D:7      | 6253 ||| READING scroll labelled DISTRI KUTAEVIYL.
  6254 | D:7      | 6254 ||| READING scroll labelled ETADA LUHACK.
  6255 | D:7      | 6255 ||| READING 5 scrolls of identify.
  6255 | D:7      | 6255 ||| IDENTIFYING red potion
  6273 | D:7      | Killed a kobold demonologist
  6274 | D:7      | Reached skill level 10 in Axes
  6287 | D:7      | 6287 ||| UPGRADING to scarf of resistance.
  6753 | D:8      | 6753 ||| Stepping ~*~*~tactically~*~*~ (hiding).
  6754 | D:8      | 6754 ||| Stepping ~*~*~tactically~*~*~ (hiding).
  6756 | D:8      | 6756 ||| Stepping ~*~*~tactically~*~*~ (hiding).
  6880 | D:8      | Reached **** piety under Okawaru
  6915 | D:8      | Identified the +7 spear "Goblinbane" {protect, Str+3 Int+2}
  6939 | D:8      | 6939 ||| Stepping ~*~*~tactically~*~*~ (stealth).
  6941 | D:8      | 6941 ||| Stepping ~*~*~tactically~*~*~ (stealth).
  6945 | D:8      | Noticed a two-headed ogre
  6946 | D:8      | 6946 ||| Stepping ~*~*~tactically~*~*~ (stealth).
  6950 | D:8      | 6950 ||| Stepping ~*~*~tactically~*~*~ (stealth).
  6969 | D:8      | 6969 ||| INVOKING Heroism.
  6978 | D:8      | Killed a two-headed ogre
  6983 | D:8      | 6983 ||| Stepping ~*~*~tactically~*~*~ (stealth).
  6994 | D:8      | 6994 ||| Stepping ~*~*~tactically~*~*~ (stealth).
  7005 | D:8      | 7005 ||| INVOKING Heroism.
  7080 | D:8      | Noticed qw's ghost (novice MiHs)
  7087 | D:8      | Found a runed translucent door.
  7460 | D:8      | 7460 ||| DROPPING ring of magical power.
  7654 | D:9      | 7654 ||| Stepping ~*~*~tactically~*~*~ (hiding).
  7700 | D:9      | 7700 ||| READING scroll of enchant weapon.
  7700 | D:9      | 7700 ||| ENCHANTING +1 war axe of freezing.
  7739 | D:9      | Noticed Joseph
  7740 | D:9      | 7740 ||| Stepping ~*~*~tactically~*~*~ (hiding).
  7761 | D:9      | Killed Joseph
  7862 | D:9      | 7862 ||| Stepping ~*~*~tactically~*~*~ (stealth).
  7865 | D:9      | 7865 ||| Stepping ~*~*~tactically~*~*~ (hiding).
  7867 | D:9      | 7867 ||| Stepping ~*~*~tactically~*~*~ (hiding).
  7888 | D:9      | 7888 ||| Stepping ~*~*~tactically~*~*~ (stealth).
  7889 | D:9      | 7889 ||| Stepping ~*~*~tactically~*~*~ (stealth).
  7919 | D:9      | Reached XP level 11. HP: 59/74 MP: 15/15
  7930 | D:9      | Reached ***** piety under Okawaru
  7936 | D:9      | 7936 ||| Stepping ~*~*~tactically~*~*~ (stealth).
  7982 | D:9      | Reached skill level 6 in Invocations
  8032 | D:9      | Found a staircase to the Orcish Mines.
  8221 | D:9      | 8221 ||| INVOKING Heroism.
  8249 | D:9      | Found Morchusox's Armour Boutique.
  8252 | D:9      | Found Kujes's General Store.
  8260 | D:9      | 8260 ||| BUYING +0 kite shield (63 gold).
  8260 | D:9      | Bought a +0 kite shield for 63 gold pieces
  8260 | D:9      | 8260 ||| BUYING +2 pair of gloves of hurling (301 gold).
  8260 | D:9      | Bought a +2 pair of gloves of hurling for 301 gold pieces
  8260 | D:9      | 8260 ||| BUYING potion of curing (42 gold).
  8260 | D:9      | Bought a potion of curing for 42 gold pieces
  8285 | D:9      | 8285 ||| BUYING +0 cloak (67 gold).
  8285 | D:9      | Bought a +0 cloak for 67 gold pieces
  8285 | D:9      | 8285 ||| SHOPLISTING +0 pair of gloves of strength (172
                  | gold, have 81).
  8713 | D:9      | Found a white marble altar of Elyvilon.
  8719 | D:9      | 8719 ||| UPGRADING to +0 kite shield.
  8729 | D:9      | 8729 ||| DROPPING +0 buckler.
  8730 | D:9      | 8730 ||| UPGRADING to +2 pair of gloves of hurling.
  8740 | D:9      | 8740 ||| DROPPING +0 pair of gloves.
  8741 | D:9      | 8741 ||| UPGRADING to ring of protection from fire.
  8742 | D:9      | 8742 ||| READING scroll labelled USARRA QAUHANA.
  8778 | D:10     | Entered Level 10 of the Dungeon
  8915 | D:10     | 8915 ||| Stepping ~*~*~tactically~*~*~ (hiding).
  9027 | D:10     | 9027 ||| INVOKING Heroism.
  9029 | D:10     | 9029 ||| Stepping ~*~*~tactically~*~*~ (stealth).
  9030 | D:10     | 9030 ||| Stepping ~*~*~tactically~*~*~ (stealth).
  9033 | D:10     | Noticed a two-headed ogre
  9043 | D:10     | 9043 ||| DRINKING 5 potions of curing.
  9043 | D:10     | 9043 ||| (to cure confusion)
  9050 | D:10     | 9050 ||| INVOKING Finesse.
  9052 | D:10     | Noticed Josephine
  9080 | D:10     | Noticed a two-headed ogre
  9082 | D:10     | Killed Josephine
  9083 | D:10     | Reached skill level 6 in Shields
  9153 | D:10     | Found a flagged portal.
  9202 | D:10     | 9202 ||| INVOKING Heroism.
  9213 | D:10     | Found a staircase to the Lair.
  9301 | D:10     | 9301 ||| READING scroll of brand weapon.
  9301 | D:10     | 9301 ||| BRANDING +2 war axe of freezing.
  9432 | D:10     | Noticed a cyan ugly thing
  9442 | D:10     | Killed a cyan ugly thing
  9443 | D:10     | 9443 ||| FLEEEEING.
  9566 | D:10     | 9566 ||| Stepping ~*~*~tactically~*~*~ (stealth).
  9568 | D:10     | 9568 ||| Stepping ~*~*~tactically~*~*~ (hiding).
  9569 | D:10     | 9569 ||| Stepping ~*~*~tactically~*~*~ (hiding).
  9571 | D:10     | 9571 ||| Stepping ~*~*~tactically~*~*~ (hiding).
  9572 | D:10     | 9572 ||| Stepping ~*~*~tactically~*~*~ (hiding).
  9826 | D:10     | Noticed a two-headed ogre
  9827 | D:10     | 9827 ||| INVOKING Heroism.
  9830 | D:10     | Killed a two-headed ogre
  9830 | D:10     | Received a gift from Okawaru
  9865 | D:10     | Identified the +2 scale mail "Laikon" {Harm Str+5}
  9917 | D:10     | 9917 ||| PLANNING LAIR
 10015 | Lair:1   | Entered Level 1 of the Lair of Beasts
 10016 | Lair:1   | 10016 ||| INVOKING Heroism.
 10018 | Lair:1   | Noticed Amaemon
 10023 | Lair:1   | Reached skill level 9 in Invocations
 10026 | Lair:1   | Received a gift from Okawaru
 10036 | Lair:1   | Received a gift from Okawaru
 10040 | Lair:1   | Killed Amaemon
 10041 | Lair:1   | Reached XP level 12. HP: 72/80 MP: 17/19
 10064 | Lair:1   | 10064 ||| INVOKING Heroism.
 10073 | Lair:1   | Reached skill level 9 in Shields
 10181 | Lair:1   | 10181 ||| INVOKING Heroism.
 10217 | Lair:1   | Reached skill level 11 in Axes
 10319 | Lair:1   | 10319 ||| Stepping ~*~*~tactically~*~*~ (stealth).
 10321 | Lair:1   | 10321 ||| Stepping ~*~*~tactically~*~*~ (stealth).
 10321 | Lair:1   | Noticed Sonja
 10322 | Lair:1   | 10322 ||| Stepping ~*~*~tactically~*~*~ (hiding).
 10323 | Lair:1   | 10323 ||| INVOKING Finesse.
 10333 | Lair:1   | 10333 ||| INVOKING Heroism.
 10343 | Lair:1   | 10343 ||| FLEEEEING.
 10344 | Lair:1   | 10344 ||| Stepping ~*~*~tactically~*~*~ (hiding).
 10345 | Lair:1   | 10345 ||| Stepping ~*~*~tactically~*~*~ (hiding).
 10346 | Lair:1   | 10346 ||| Stepping ~*~*~tactically~*~*~ (hiding).
 10368 | Lair:1   | Slain by Sonja

Levels and vault maps discovered:
D:1:      minmay_arrival_cross, layout_basic, nrook_mini_vaults,
          minmay_misc_feat_cross
D:2:      layout_basic, basic_altar
D:3:      layout_loops_ring, mainiacjoe_overflow_alcove_3,
          nicolae_gozag_seed_capital, lemuel_tele_altar,
          cheibrodos_sewer_entry_drain, serial_rivers,
          chequers_serial_rivers_micro_c, chequers_serial_rivers_marsh,
          chequers_serial_rivers_micro_e, chequers_serial_rivers_room_a,
          chequers_serial_rivers_marsh, chequers_serial_rivers_micro_c,
          serial_shops, shop, uniq_natasha, uniq_ijyb
D:4:      layout_cave_pools, mainiacjoe_overflow_boulevard,
          okawaru_metal_pillars_3, temple_statues
D:5:      layout_rooms
D:6:      layout_rooms, lemuel_doored_altar, mainiacjoe_overflow_tiny_flanked,
          nicolae_overflow_squiral, uniq_maggie
D:7:      layout_loops_ring, amcnicky_altar_gilded, wad_mini_maze
D:8:      layout_basic, hellmonk_ghost_big_iron
D:9:      layout_basic, nicolae_elyvilon_temple_path, erik_orc_4,
          minmay_crystal_room, st_stairs_11, nicolae_wooded_promenade,
          uniq_joseph
D:10:     layout_grid_maze, erik_lair_island, enter_bailey_2, uniq_josephine
Temple:   hellmonk_temple_two_chambers
Lair:1:   layout_chaotic_city, basic_altar, uniq_amaemon, uniq_sonja

Skill      XL: |  1  2  3  4  5  6  7  8  9 10 11 12 |
---------------+-------------------------------------+-----
Axes           | 2 3 4 5 6 7 8 9 10 11 | 11.0
Fighting       | 4 5 7 8 |  8.1
Armour         | 4 5 6 7 |  7.4
Dodging        | 1 |  1.1
Invocations    | 4 5 9 10 | 10.0
Throwing       | 3 |  3.6
Shields        | 4 5 8 9 |  9.7

Action                     |  1- 3 |  4- 6 |  7- 9 | 10-12 || total
---------------------------+-------+-------+-------+-------++-------
  Melee: War axe           |    87 |   181 |   240 |   368 ||   876
         Headbutt          |       |     5 |    36 |    58 ||    99
  Throw: Boomerang         |    44 |    27 |    19 |    66 ||   156
         Javelin           |       |       |       |    14 ||    14
 Invoke: Heroism           |       |       |     6 |    11 ||    17
         Finesse           |       |       |       |     2 ||     2
    Use: Scroll            |     4 |     8 |     8 |     6 ||    26
         Potion            |       |     4 |       |     1 ||     5
 Armour: Scale mail        |    34 |       |       |       ||    34
         Plate armour      |    37 |   185 |   167 |   268 ||   657
  Dodge: Dodged            |    31 |    56 |    82 |   143 ||   312
  Block: Buckler           |    27 |    42 |    48 |    44 ||   161
         Kite shield       |       |       |       |    94 ||    94

Table legend:
 A = Non-vault XP
 B = Vault XP
 C = Vault XP percentage of total XP
 D = Non-vault monster count
 E = Vault monster count
 F = Vault count percentage of total count
                 A         B        C        D         E       F
            +---------+---------+-------+---------+---------+-------
      Total |   15251 |    7072 |  31.7 |     208 |      88 |  29.7
            +---------+---------+-------+---------+---------+-------
        D:1 |      40 |       0 |   0.0 |      25 |       0 |   0.0
        D:2 |      45 |       0 |   0.0 |      12 |       0 |   0.0
        D:3 |     187 |      80 |  30.0 |      14 |       5 |  26.3
        D:4 |     335 |       0 |   0.0 |      15 |       0 |   0.0
        D:5 |     699 |       0 |   0.0 |      13 |       0 |   0.0
        D:6 |     945 |     404 |  29.9 |      19 |       1 |   5.0
        D:7 |    1159 |    1699 |  59.4 |      32 |       3 |   8.6
        D:8 |    1919 |       0 |   0.0 |      23 |       0 |   0.0
        D:9 |    1616 |    1181 |  42.2 |      14 |      19 |  57.6
       D:10 |    3357 |    2205 |  39.6 |      20 |      12 |  37.5
     Lair:1 |    4949 |    1169 |  19.1 |      21 |       2 |   8.7
      Sewer |       0 |     334 | 100.0 |       0 |      46 | 100.0
            +---------+---------+-------+---------+---------+-------
